 Dungeon Crawl Stone Soup version 0.26.1-2-gb8aa6d0cf2 (webtiles) character file.

Game seed: 14273517310179486964

30 Elvor the Grasshopper (level 3, -4/22 HPs)
             Began as a Gargoyle Warper on Mar 4, 2021.
             Slain by a gnoll
             ... wielding a +0 halberd
              (5 damage)
             ... on level 1 of the Dungeon.
             The game lasted 00:07:21 (943 turns).

Elvor the Grasshopper (Gargoyle Warper)              Turns: 943, Time: 00:07:22

Health: -4/22      AC:  8    Str: 15    XL:     3   Next: 20%
Magic:  6/6        EV: 11    Int: 13    God:
Gold:   59         SH:  0    Dex:  9    Spells: 4/6 levels left

rFire    . . .     SeeInvis .   a - +0 mace
rCold    . . .     Faith    .   (no shield)
rNeg     + . .     Spirit   .   b - +0 leather armour
rPois    ∞         Reflect  .   (no helmet)
rElec    +         Harm     .   (no cloak)
rCorr    .         Rampage  .   h - +0 pair of gloves (curse)
Will     .....                  l - +0 pair of boots
Stlth    +.........             (no amulet)
HPRegen  0.07/turn              (no ring)
MPRegen  0.10/turn              (no ring)

@: no status effects
A: negative energy resistance 1, electricity resistance, unbreathing,
petrification resistance, miasma immunity, AC +3
a: no special abilities


You were on level 1 of the Dungeon.
You visited 1 branch of the dungeon, and saw 2 of its levels.

You collected 59 gold pieces.

Inventory:

Hand Weapons
 a - a +0 mace (weapon)
Missiles
 c - 32 stones (quivered)
 e - 5 boomerangs of dispersal
 g - 22 bolts
 n - 11 poisoned darts
Armour
 b - a +0 leather armour (worn)
 h - a cursed +0 pair of gloves (worn)
 k - a +0 plate armour
 l - a +0 pair of boots (worn)
Scrolls
 d - a scroll of blinking
 j - a scroll of enchant armour {unknown}
 o - a scroll of magic mapping {unknown}
Potions
 f - 2 potions of might {unknown}
 i - a potion of flight {unknown}
 m - a potion of haste {unknown}


   Skills:
 + Level 2.4 Fighting
 * Level 2.5 Maces & Flails
 + Level 0.8 Throwing
 + Level 1.2 Armour
 + Level 1.7 Dodging
 + Level 2.1 Spellcasting
 + Level 3.1 Translocations


You had 4 spell levels left.
You knew the following spells:

 Your Spells              Type           Power        Failure   Level
a - Blink                 Tloc           N/A          13%         2

Your spell library contained the following spells:

 Spells                   Type           Power        Failure   Level
 Gell's Gravitas          Tloc           4%           26%         3
 Lesser Beckoning         Tloc           4%           26%         3
 Teleport Other           Tloc           9%           26%         3
 Passage of Golubria      Tloc           N/A          63%         4


Dungeon Overview and Level Annotations

Branches:
Dungeon (2/15)

Altars:


Innate Abilities, Weirdness & Mutations

You are resistant to torment.
Your stone body is resilient. (AC +3)
You are immune to poison.
You resist negative energy. (rN+)
You are resistant to electric shocks. (rElec)
You can survive without breathing.
You are immune to petrification.
You are immune to miasma.


Message History

Found 25 stones, a scroll labelled KEAMED CE VUVE, a dagger and a bronze wand.
There is a stone staircase leading up here.
The kobold throws a stone.
The stone hits you but does no damage.
You see here a stone.
The gnoll barely misses you.
The kobold throws a stone.
The stone hits you but does no damage.
There is a stone staircase leading up here.
The kobold throws a stone.
The stone hits you but does no damage.
You climb upwards.
There is a stone staircase leading down here.
You hit the gnoll but do no damage. The gnoll closely misses you.
The gnoll hits you with a +0 halberd!
Ouch! That really hurt!
You hit the gnoll but do no damage. The gnoll barely misses you.
You barely miss the gnoll. The gnoll hits you with a +0 halberd!
* * * LOW HITPOINT WARNING * * *
You hit the gnoll.
The gnoll is lightly wounded.
The gnoll hits you with a +0 halberd.
You die...

##.######......#.#.#########
#..................##.......
#..######.##.###..........#.
####.........##.# #...##.###†#.
#......########.# ######.###.#.
#.##.#.# ##'## #.#...#. #.##.#.#
##...## #.#.###. #.##.#.#
##.....## #.#.# #. #.##...#
##..@g...## #.[.###.
###.##...####.........####.......
............'.........'........##
###.##...####.........####...#.#
.........# ##.......## ##.##.#
.#####.### ##.....## ## #.# .#
#.# ##...## #.# .### #.# ##'##
#.# ..≈###.# #.# #.#


You could see a gnoll.

Vanquished Creatures
  A dart slug (D:1)
  A leopard gecko (D:1)
  3 bats (D:1)
  3 giant cockroaches (D:1)
  4 goblins (D:1)
  5 hobgoblins (D:1)
  2 frilled lizards (D:1)
  3 kobolds (D:1)
  2 rats (D:1)
24 creatures vanquished.

Vanquished Creatures (others)
  4 toadstools (D:1)
4 creatures vanquished.

Grand Total: 28 creatures vanquished

Notes
Turn   | Place    | Note
-------+----------+-------------------------------------------
     0 | D:1      | Elvor the Gargoyle Warper began the quest for the Orb.
     0 | D:1      | Reached XP level 1. HP: 12/12 MP: 3/3
    93 | D:1      | Reached XP level 2. HP: 14/18 MP: 5/5
    96 | D:1      | Learned a level 2 spell: Blink
   151 | D:1      | Reached skill level 3 in Translocations
   615 | D:1      | Reached XP level 3. HP: 22/22 MP: 6/6
   942 | D:1      | HP: 1/22 [gnoll/+0 halberd (7)]
   943 | D:1      | Slain by a gnoll

Illustrated notes

Levels and vault maps discovered:
D:1:      ldierk_water_garden, layout_loops_corners, kennysheep_nondescript
D:2:      cheibrodos_helix_gallery, layout_basic, kennysheep_generic_room_3,
          uniq_sigmund, uniq_robin

Skill      XL: |  1  2 |
---------------+-------+-----
Translocations | 3 |  3.1
Fighting       | |  2.4
Maces & Flails | |  2.5
Throwing       | |  0.8
Armour         | |  1.2
Dodging        | |  1.7
Spellcasting   | |  2.1

Action                   || total
-------------------------++-------
Melee: Mace              ||    86
Throw: Stone             ||     5
Armor: Leather armour    ||    39
Dodge: Dodged            ||    49
